AoeStats
← Kane19

Arabia

514274441Analyzed
1v1 RM · 13h ago on Oct 17, 2026· 24m 34s· 2 players
Game mode
Random Map
Map size
Tiny (2 player)
Population
200
Speed
Normal
Resources
Standard
Victory
Conquest
Starting age
Dark Age
Ending age
Imperial Age
RankedLock teamsTeams togetherTeam positionsShared explorationLock speedFull tech treeHidden civsTurbo modeCheats
Victory
Defeat
🇩🇪 Italians · Germany
1294
+15
vs
🇨🇳 Magyars · China
1270
-15
Kane19
5:02 Loom
9:13 Feudal Age
9:59 Double-Bit Axe
20:25 Fletching
22:53 Castle Age
21:45 Padded Archer Armor
21:37 Horse Collar
22:34 Bloodlines
23:50 Scale Barding Armor
24:15 Bodkin Arrow
Loring The Snoring
7:24 Loom
9:33 Feudal Age
12:31 Double-Bit Axe
15:40 Fletching
16:56 Wheelbarrow
22:17 Castle Age
21:15 Padded Archer Armor
22:08 Horse Collar
23:06 Bodkin Arrow
22:31 Crossbowman
Connection lost

Rejoining the realm…

Still unreachable

The connection could not be restored.

Session expired

The server has moved on; the page needs a fresh start.